cohdb
Replays
Latest Replays
All Replays
Popular Replays
Top Player Replays
Match Explorer
How It Works
Community
CoH3 Stats
Reddit
Sign in to upload your games and track your stats! →
Sign in with Steam
Match 38731255
Unlisted
Match 38731255
Overview
Messages
Build Orders
End
Kradschützen Motorcycle Team
Kradschützen Motorcycle Team
Panzergrenadier Squad
250 Light Carrier
Construct Light Support Kompanie
MG34 Team
Combat Half-tracks
Construct Mechanized Kompanie
Assault Grenadier Squad
Panzergrenadier Squad
8 Rad Armored Car
254 Reconnaissance Tractor
Support Armor Elements
Flakvierling Half-track
Pak 38 Anti-tank Gun Team
254 Reconnaissance Tractor
Vehicle Survival Package
2.5-tonne Medical Truck
Marder III Tank Destroyer
Selects Armored Support Battlegroup
Selects Salvage Kits
Selects Panzer Storm
Selects Stuka Anti-tank Loiter
sharpshooter
Potato slicer
DexN
Seocheon
0
0
Comments
sign in to comment!
No comments posted yet!